 Dungeon Crawl Stone Soup version 0.31.0-32-g396128a36d (webtiles) character file.

Game seed: 8340776156404840046

406 hawla the Ducker (level 6, -1/51 HPs)
             Began as a Minotaur Fighter on Mar 17, 2024.
             Was an Initiate of Yredelemnul.
             Slain by Duvessa
             ... wielding a +0 rapier
              (4 damage)
             ... on level 5 of the Dungeon.
             The game lasted 00:07:21 (2765 turns).

hawla the Ducker (Minotaur Fighter)                 Turns: 2765, Time: 00:07:22

Health: -1/51      AC:  6    Str: 21    XL:     6   Next: 56%
Magic:  8/8        EV: 10    Int:  5    God:    Yredelemnul [......]
Gold:   84         SH:  8    Dex: 11    Spells: 5/5 levels left

rFire   . . .        a - +1 long sword
rCold   . . .        n - +0 kite shield
rNeg    . . .        b - +0 scale mail
rPois   .            (helmet restricted)
rElec   .            (no cloak)
rCorr   .            (no gloves)
SInv    .            (no boots)
Will    .....        (no amulet) Stlth
                     (no ring)
HPRegen 0.28/turn    (no ring)
MPRegen 0.11/turn

%: no passive effects
@: mighty
A: horns 2, retaliatory headbutt
a: Renounce Religion, Recall Undead Harvest


You were on level 5 of the Dungeon.
You worshipped Yredelemnul.
Yredelemnul was noncommittal.
You visited 1 branch of the dungeon, and saw 5 of its levels.

You collected 201 gold pieces.
You spent 117 gold pieces at shops.

Inventory:

Hand Weapons
 a - a +1 long sword (weapon)
Armour
 b - a +0 scale mail (worn)
 n - a +0 kite shield (worn)
Scrolls
 c - a scroll of teleportation {unknown}
 e - a scroll of acquirement {unknown}
 g - a scroll of torment {unknown}
 j - a scroll of fear {unknown}
 m - a scroll of poison {unknown}
 o - a scroll of immolation {unknown}
 p - a scroll of summoning {unknown}
 q - 4 scrolls of vulnerability {unknown}
Potions
 d - a potion of might
 f - a potion of attraction
 h - 2 potions of cancellation
 i - a potion of enlightenment {unknown}
 r - a potion of resistance {unknown}
 s - a potion of heal wounds {unknown}


   Skills:
 - Level 3.6 Fighting
 - Level 2.4 Long Blades
 - Level 3.6 Armour
 - Level 5.0 Dodging
 - Level 3.6 Shields
 + Level 4.7 Invocations


You had 5 spell levels left.
You didn't know any spells.
Your spell library was empty.

Dungeon Overview and Level Annotations

Branches:
Dungeon (5/15)             Temple (0/1) D:4

Altars:
Kikubaaqudgha
Nemelex Xobeh
Yredelemnul
Zin

Shops:
D:1 *=(   D:3 [

Annotations:
D:5 Dowan, Duvessa


Innate Abilities, Weirdness & Mutations

You have a pair of horns on your head.
You reflexively headbutt those who attack you in melee.


Message History

Duvessa hits you with a +0 rapier! Duvessa hits you with a +0 rapier.
You hit Duvessa but do no damage.
Duvessa is moderately wounded.
You block Duvessa's attack.
You barely miss Duvessa.
Duvessa is moderately wounded.
Duvessa gestures with her weapon.
Duvessa hits you with a +0 rapier.
You hit Duvessa but do no damage.
Duvessa is moderately wounded.
Duvessa hits you with a +0 rapier. x2
You hit Duvessa but do no damage. Your headbutt misses Duvessa.
Duvessa is moderately wounded.
Duvessa hits you with a +0 rapier!
* * * LOW HITPOINT WARNING * * *
As you read the scroll labelled SOAMPO UXOIZYU, it crumbles to dust.
It is a scroll of enchant weapon.
Your +0 long sword glows red for a moment.
Duvessa hits you with a +0 rapier.
* * * LOW HITPOINT WARNING * * *
Okay, then.
You feel better. You block Duvessa's attack.
You feel very mighty all of a sudden.
Dowan gestures at Duvessa while chanting.
Duvessa seems to speed up.
Duvessa hits you with a +0 rapier!
* * * LOW HITPOINT WARNING * * *
Unknown command.
You feel better. You block Duvessa's attack. x2
You slash Duvessa!
Duvessa is heavily wounded.
Duvessa hits you with a +0 rapier.
* * * LOW HITPOINT WARNING * * *
Dowan gestures wildly while chanting.
Dowan blinks!
Duvessa hits you with a +0 rapier.
* * * LOW HITPOINT WARNING * * *
You slash Duvessa!
Duvessa is severely wounded.
You block Duvessa's attack. Duvessa hits you with a +0 rapier.
You die...
Your body rises from the dead as a mindless zombie.

......####.
.......#..
.........#
...e.....#
#..# #..#
#.ยง# ##e#
#########@#
###.........#
#...........##
#............#
#...
#............#
##...
#............#
#...........
#............#
##...........
#............#
#............
#............#
#........<...


You could see Duvessa (fast).

Vanquished Creatures
  A black bear (D:4)
  2 scorpions
  2 sleepcaps
  3 gnolls (D:4)
  2 adders (D:2)
  2 ribbon worms
  3 orcs
  7 endoplasms
  4 giant cockroaches
  15 goblins
  9 hobgoblins
  4 jackals (D:1)
  3 kobolds
  9 ball pythons
  8 bats
  2 frilled lizards
  9 rats
85 creatures vanquished.

Vanquished Creatures (collateral kills)
  A gnoll (D:4)
1 creature vanquished.

Vanquished Creatures (others)
  A ball python zombie (D:4)
  An endoplasm zombie (D:4)
  A hobgoblin zombie (D:4)
3 creatures vanquished.

Grand Total: 89 creatures vanquished

Notes
Turn   | Place    | Note
-------+----------+-------------------------------------------
     0 | D:1      | hawla the Minotaur Fighter began the quest for the Orb.
     0 | D:1      | Reached XP level 1. HP: 19/19 MP: 0/0
    16 | D:1      | Found Rewkuiw's Jewellery Boutique.
   105 | D:1      | Reached skill level 1 in Dodging
   124 | D:1      | Found Beidghype's Assorted Antiques.
   150 | D:1      | Bought a scroll labelled ICRUON HEC UFAXEMP for 24 gold
                  | pieces
   211 | D:1      | Reached XP level 2. HP: 26/26 MP: 1/1
   240 | D:1      | Found Kuwe Xet's Antique Weapon Shoppe.
   244 | D:1      | Reached skill level 2 in Dodging
   569 | D:2      | Reached skill level 3 in Dodging
   569 | D:2      | Reached XP level 3. HP: 31/31 MP: 2/2
   780 | D:2      | Found a glowing silver altar of Zin.
   922 | D:2      | Reached skill level 4 in Dodging
   936 | D:2      | Reached XP level 4. HP: 30/39 MP: 3/3
  1178 | D:1      | Bought a metallic blue potion for 21 gold pieces
  1178 | D:1      | Bought a scroll labelled SIEDAC XYODEWK for 24 gold pieces
  1353 | D:3      | Found Jeurgh's Armour Shop.
  1458 | D:3      | Found a sparkling altar of Nemelex Xobeh.
  1707 | D:3      | Found a basalt altar of Yredelemnul.
  1720 | D:3      | Became a worshipper of Yredelemnul the Dark
  1921 | D:1      | Bought a scroll of identify for 48 gold pieces
  2014 | D:4      | Found an ancient bone altar of Kikubaaqudgha.
  2046 | D:4      | Noticed a black bear
  2057 | D:4      | Killed a black bear
  2058 | D:4      | Reached skill level 5 in Dodging
  2058 | D:4      | Reached XP level 5. HP: 33/45 MP: 3/5
  2100 | D:4      | Found a staircase to the Ecumenical Temple.
  2219 | D:4      | Reached * piety under Yredelemnul
  2220 | D:4      | Reached XP level 6. HP: 15/51 MP: 7/7
  2607 | D:5      | Entered Level 5 of the Dungeon
  2743 | D:5      | Noticed Duvessa
  2743 | D:5      | Noticed Dowan
  2765 | D:5      | Slain by Duvessa

Illustrated notes

Levels and vault maps discovered:
D:1:      wander_arrival_lonely_grave, layout_rooms, serial_shops,
          shop_fountains, nicolae_shop_trees, nicolae_shop_waterfront
D:2:      layout_basic, basic_altar
D:3:      layout_rooms, mainiacjoe_overflow_six_doors_small,
          lemuel_coloured_pillars_altar, serial_shops, shop
D:4:      layout_rooms, kiku_gazebo_pond_becter, minmay_temple_entry_ruins
D:5:      layout_cave_pods, mainiacjoe_overflow_small_starburst, uniq_sigmund,
          uniq_duvessa, uniq_eustachio

Skill      XL: |  1  2  3  4  5  6 |
---------------+-------------------+-----
Dodging        | 1 3 4 5 |  5.0
Invocations    | 2 3 4 |  4.7
Fighting       | |  3.6
Long Blades    | |  2.4
Armour         | |  3.6
Shields        | |  3.6

Action                     |  1- 3 |  4- 6 || total
---------------------------+-------+-------++-------
  Melee: Long sword        |   100 |   122 ||   222
         Headbutt          |     9 |    21 ||    30
    Use: Scroll            |     3 |     4 ||     7
         Potion            |       |     4 ||     4
 Armour: Scale mail        |    85 |    97 ||   182
  Dodge: Dodged            |    60 |    64 ||   124
  Block: Buckler           |     3 |       ||     3
         Kite shield       |    55 |    83 ||   138
